TOP OF THE 1ST |
Baltimore Orioles batting - Pitching for Chicago White Sox : RHP Bruce Kison
|
Pitching: RHP Bruce Kison
|
|
Batting: SHB Willie McGee
|
0-0: Called Strike 0-1: Ball 1-1: Foul Ball, location: 2F 1-2: Ball 2-2: SINGLE (Line Drive, 7S, EV 90.6 MPH)
|
Batting: SHB Johnny Ray
|
0-0: Called Strike Willie McGee steals 2nd base 0-1: SINGLE (Flyball, 78S, EV 88.1 MPH) Willie McGee to third Runner from 3rd tries for Home, SAFE, throw by CF to home
|
Batting: LHB Dave Parker
|
0-0: Ball 1-0: Swinging Strike 1-1: DOUBLE (Line Drive, 7LM, EV 102.5 MPH) Johnny Ray to third Runner from 3rd tries for Home, SAFE, no throw by LF
|
Batting: RHB Dwight Evans
|
0-0: 2-RUN HOME RUN (Flyball, 7D, EV 110.6 MPH), Distance : 367 ft
|
Batting: LHB Fred Lynn
|
0-0: Ball 1-0: Foul Ball, location: 2F 1-1: SINGLE (Groundball, 34D, EV 103.8 MPH)
|
Batting: SHB Steve R Ontiveros
|
0-0: Called Strike 0-1: Ball 1-1: Foul Ball, location: 2F 1-2: Foul Ball, location: 2F 1-2: SINGLE (Line Drive, 7S, EV 105.0 MPH) Fred Lynn to second
|
Batting: RHB Matt Rice
|
0-0: Ball 1-0: Swinging Strike 1-1: SINGLE (Groundball, 6S, EV 67.5 MPH) (infield hit) Fred Lynn to third Steve R Ontiveros to second
|
Batting: RHB Dennis Werth
|
0-0: Called Strike 0-1: Swinging Strike 0-2: Ball 1-2: Ball 2-2: Ball 3-2: Base on Balls Fred Lynn scores Steve R Ontiveros to third Matt Rice to second
|
Batting: RHB Garth Iorg
|
0-0: Ball 1-0: Called Strike 1-1: Ball 2-1: Grounds into double play, 6-4-3 (Groundball, 6, EV 90.6 MPH) Steve R Ontiveros scores Matt Rice to third
|
Pitching: LHP Douglas Nelson
|
|
Batting: SHB Willie McGee
|
0-0: SINGLE (Flyball, 34D, EV 92.5 MPH) Matt Rice scores
|
Batting: SHB Johnny Ray
|
0-0: Ball 1-0: Called Strike 1-1: Fly out, F4 (Line Drive, 4, EV 67.5 MPH)
|
Top of the 1st over - 7 runs, 8 hits, 0 errors, 1 left on base; Baltimore 7 - Chicago 0 |
BOTTOM OF THE 1ST |
Chicago White Sox batting - Pitching for Baltimore Orioles : RHP Kyle Monroe
|
Pitching: RHP Kyle Monroe
|
|
Batting: SHB Ozzie Smith
|
0-0: Ball 1-0: Ball 2-0: Fly out, F4 (Popup, 34D, EV 68.1 MPH)
|
Batting: SHB Dwayne Taggart
|
0-0: Foul Ball, location: 2F 0-1: Ball 1-1: SINGLE (Line Drive, 5L, EV 96.9 MPH)
|
Batting: RHB Brian Downing
|
0-0: Fly out, F4 (Popup, 34, EV 58.8 MPH)
|
Batting: LHB Mitchell Page
|
0-0: Foul Ball, location: 2F 0-1: Ball 1-1: Foul Ball, location: 2F 1-2: Ball 2-2: Ball Dwayne Taggart steals 2nd base (no throw) 3-2: Foul Ball, location: 2F 3-2: Fly out, F7 (Flyball, 7LS, EV 82.5 MPH)
|
Bottom of the 1st over - 0 runs, 1 hit, 0 errors, 1 left on base; Baltimore 7 - Chicago 0 |
TOP OF THE 2ND |
Baltimore Orioles batting - Pitching for Chicago White Sox : LHP Douglas Nelson
|
Batting: LHB Dave Parker
|
0-0: Foul Ball, location: 2F 0-1: Foul Ball, location: 2F 0-2: Fly out, F9 (Flyball, 89D, EV 103.8 MPH)
|
Batting: RHB Dwight Evans
|
0-0: Ball 1-0: Called Strike 1-1: Ball 2-1: Foul Ball, location: 2F 2-2: Ball 3-2: Fly out, F9 (Flyball, 89D, EV 101.3 MPH)
|
Batting: LHB Fred Lynn
|
0-0: Ball 1-0: Ball 2-0: Foul Ball, location: 2F 2-1: Fly out, F6 (Flyball, 56D, EV 86.9 MPH)
|
Top of the 2nd over - 0 runs, 0 hits, 0 errors, 0 left on base; Baltimore 7 - Chicago 0 |
BOTTOM OF THE 2ND |
Chicago White Sox batting - Pitching for Baltimore Orioles : RHP Kyle Monroe
|
Batting: RHB Steve Henderson
|
0-0: Called Strike 0-1: Called Strike 0-2: Foul Ball, location: 2F 0-2: Foul Ball, location: 2F 0-2: Strikes out looking
|
Batting: LHB Rudy Law
|
0-0: Called Strike 0-1: Ball 1-1: Ground out 4-3 (Groundball, 4M, EV 100.0 MPH)
|
Batting: RHB Mike Heath
|
0-0: Swinging Strike 0-1: Foul Ball, location: 2F 0-2: Ground out 6-3 (Groundball, 6, EV 98.8 MPH)
|
Bottom of the 2nd over - 0 runs, 0 hits, 0 errors, 0 left on base; Baltimore 7 - Chicago 0 |
TOP OF THE 3RD |
Baltimore Orioles batting - Pitching for Chicago White Sox : LHP Douglas Nelson
|
Batting: SHB Steve R Ontiveros
|
0-0: Called Strike 0-1: Foul Ball, location: 2F 0-2: Ball 1-2: Ball 2-2: Strikes out swinging
|
Batting: RHB Matt Rice
|
0-0: Called Strike 0-1: Ball 1-1: Foul Ball, location: 2F 1-2: Foul Ball, location: 2F 1-2: Fly out, F6 (Flyball, 56D, EV 83.1 MPH)
|
Batting: RHB Dennis Werth
|
0-0: Ball 1-0: Ball 2-0: Fly out, F9 (Flyball, 9LM, EV 74.4 MPH)
|
Top of the 3rd over - 0 runs, 0 hits, 0 errors, 0 left on base; Baltimore 7 - Chicago 0 |
BOTTOM OF THE 3RD |
Chicago White Sox batting - Pitching for Baltimore Orioles : RHP Kyle Monroe
|
Batting: LHB Ryan MacFarland
|
0-0: Foul Ball, location: 2F 0-1: Ball 1-1: DOUBLE (Groundball, 3L, EV 101.9 MPH) - OUT at third base trying to stretch hit.
|
Batting: RHB Brian Harper
|
0-0: Fly out, F7 (Flyball, 7LM, EV 91.9 MPH)
|
Batting: SHB Ozzie Smith
|
0-0: Ball 1-0: Ball 2-0: Called Strike 2-1: Swinging Strike 2-2: Ground out 4-3 (Groundball, 4, EV 108.8 MPH)
|
Bottom of the 3rd over - 0 runs, 1 hit, 0 errors, 0 left on base; Baltimore 7 - Chicago 0 |
TOP OF THE 4TH |
Baltimore Orioles batting - Pitching for Chicago White Sox : LHP Douglas Nelson
|
Batting: RHB Garth Iorg
|
0-0: Called Strike 0-1: Foul Ball, location: 2F 0-2: Foul Ball, location: 2F 0-2: Ground out 6-3 (Groundball, 6, EV 101.3 MPH)
|
Batting: SHB Willie McGee
|
0-0: Ball 1-0: Foul Ball, location: 2F 1-1: Ball 2-1: Ground out U3 (Groundball, 3, EV 86.3 MPH)
|
Batting: SHB Johnny Ray
|
0-0: Called Strike 0-1: Ball 1-1: Called Strike 1-2: Ground out 6-3 (Groundball, 6, EV 88.1 MPH)
|
Top of the 4th over - 0 runs, 0 hits, 0 errors, 0 left on base; Baltimore 7 - Chicago 0 |
BOTTOM OF THE 4TH |
Chicago White Sox batting - Pitching for Baltimore Orioles : RHP Kyle Monroe
|
Batting: SHB Dwayne Taggart
|
0-0: Called Strike 0-1: Foul Ball, location: 2F 0-2: Foul Ball, location: 2F 0-2: Ball 1-2: Foul Ball, location: 2F 1-2: Foul Ball, location: 2F 1-2: Foul Ball, location: 2F 1-2: Hit by Pitch
|
Batting: RHB Brian Downing
|
0-0: Foul Ball, location: 2F 0-1: Called Strike 0-2: Ball 1-2: SINGLE (Line Drive, 7S, EV 85.6 MPH) Dwayne Taggart to second
|
Batting: LHB Mitchell Page
|
0-0: Ball 1-0: Foul Ball, location: 2F 1-1: Fielders Choice at 2nd, 2-4 (Groundball, 2L, EV 71.3 MPH) Dwayne Taggart to third
|
Batting: RHB Steve Henderson
|
0-0: Ball 1-0: Called Strike 1-1: Called Strike 1-2: SINGLE (Line Drive, 89S, EV 89.4 MPH) Dwayne Taggart scores Mitchell Page to second
|
Batting: LHB Rudy Law
|
0-0: Foul Ball, location: 2F 0-1: Ball 1-1: Called Strike 1-2: Ball 2-2: Ball 3-2: Fielders Choice at 2nd, 2-4 (Groundball, 15S, EV 68.1 MPH) Mitchell Page to third
|
Batting: RHB Mike Heath
|
0-0: Ground out 6-3 (Groundball, 6S, EV 81.3 MPH)
|
Bottom of the 4th over - 1 run, 2 hits, 0 errors, 2 left on base; Baltimore 7 - Chicago 1 |
TOP OF THE 5TH |
Baltimore Orioles batting - Pitching for Chicago White Sox : LHP Douglas Nelson
|
Batting: LHB Dave Parker
|
0-0: Swinging Strike 0-1: Foul Ball, location: 2F 0-2: Ball 1-2: Foul Ball, location: 2F 1-2: Fly out, F5 (Popup, 5SF, EV 68.8 MPH)
|
Batting: RHB Dwight Evans
|
0-0: Called Strike 0-1: Ball 1-1: Ball 2-1: Ball 3-1: Swinging Strike 3-2: Base on Balls
|
Pitching: LHP Gary Christophel
|
|
Batting: LHB Fred Lynn
|
Pickoff Throw to First - Error! E1 Dwight Evans to second 0-0: Called Strike 0-1: Ball 1-1: Swinging Strike 1-2: Strikes out swinging
|
Batting: SHB Steve R Ontiveros
|
0-0: Ball 1-0: Called Strike 1-1: Foul Ball, location: 2F 1-2: Foul Ball, location: 2F 1-2: Strikes out swinging
|
Top of the 5th over - 0 runs, 0 hits, 1 error, 1 left on base; Baltimore 7 - Chicago 1 |
BOTTOM OF THE 5TH |
Chicago White Sox batting - Pitching for Baltimore Orioles : RHP Kyle Monroe
|
Batting: LHB Ryan MacFarland
|
0-0: Ball 1-0: Ball 2-0: Ball 3-0: Called Strike 3-1: Foul Ball, location: 2F 3-2: Ground out 6-3 (Groundball, 6, EV 93.1 MPH)
|
Batting: RHB Brian Harper
|
0-0: Single, Error in OF, E7, batter to second base (Groundball, 15S, EV 96.9 MPH)
|
Batting: SHB Ozzie Smith
|
0-0: Ball 1-0: Called Strike 1-1: Ground out 6-3 (Groundball, 56D, EV 102.5 MPH)
|
Batting: SHB Dwayne Taggart
|
0-0: Foul Ball, location: 2F 0-1: Foul Ball, location: 2F 0-2: Strikes out swinging
|
Bottom of the 5th over - 0 runs, 1 hit, 1 error, 1 left on base; Baltimore 7 - Chicago 1 |
TOP OF THE 6TH |
Baltimore Orioles batting - Pitching for Chicago White Sox : LHP Gary Christophel
|
Batting: RHB Matt Rice
|
0-0: Ball 1-0: Foul Ball, location: 2F 1-1: Foul Ball, location: 2F 1-2: Foul Ball, location: 2F 1-2: Ground out 5-3 (Groundball, 5L, EV 98.8 MPH)
|
Batting: RHB Dennis Werth
|
0-0: Ball 1-0: Swinging Strike 1-1: Called Strike 1-2: Ball 2-2: Fly out, F4 (Flyball, 34D, EV 85.6 MPH)
|
Batting: RHB Garth Iorg
|
0-0: Ball 1-0: Ball 2-0: Called Strike 2-1: Swinging Strike 2-2: Strikes out swinging
|
Top of the 6th over - 0 runs, 0 hits, 0 errors, 0 left on base; Baltimore 7 - Chicago 1 |
BOTTOM OF THE 6TH |
Chicago White Sox batting - Pitching for Baltimore Orioles : RHP Kyle Monroe
|
Batting: RHB Brian Downing
|
0-0: Foul Ball, location: 2F 0-1: Ball 1-1: Ball 2-1: Foul Ball, location: 2F 2-2: Foul Ball, location: 2F 2-2: Ball 3-2: Base on Balls
|
Batting: LHB Mitchell Page
|
0-0: Ball 1-0: Fielders Choice at 2nd, 1-6 (Groundball, 13S, EV 66.3 MPH)
|
Batting: RHB Steve Henderson
|
0-0: Called Strike 0-1: Called Strike Mitchell Page steals 2nd base 0-2: Foul Ball, location: 2F 0-2: Ball 1-2: Strikes out swinging
|
Batting: LHB Rudy Law
|
0-0: Fly out, F7 (Flyball, 7S, EV 76.9 MPH)
|
Bottom of the 6th over - 0 runs, 0 hits, 0 errors, 1 left on base; Baltimore 7 - Chicago 1 |
TOP OF THE 7TH |
Baltimore Orioles batting - Pitching for Chicago White Sox : LHP Gary Christophel
|
Batting: SHB Willie McGee
|
0-0: Fly out, F9 (Flyball, 89M, EV 90.6 MPH)
|
Batting: SHB Johnny Ray
|
0-0: Fly out, F4 (Popup, 4, EV 82.5 MPH)
|
Batting: LHB Dave Parker
|
0-0: SINGLE (Groundball, 15S, EV 71.3 MPH) (infield hit)
|
Batting: RHB Dwight Evans
|
0-0: Ball Dave Parker steals 2nd base 1-0: Called Strike 1-1: Foul Ball, location: 2F 1-2: Foul Ball, location: 2F 1-2: Ball 2-2: Fly out, F3 (Popup, 23F, EV 87.5 MPH)
|
Top of the 7th over - 0 runs, 1 hit, 0 errors, 1 left on base; Baltimore 7 - Chicago 1 |
BOTTOM OF THE 7TH |
Chicago White Sox batting - Pitching for Baltimore Orioles : RHP Kyle Monroe
|
Now at 3B: Mike Henderson
|
|
Now in CF: Mark Brouhard
|
|
Batting: RHB Mike Heath
|
0-0: Foul Ball, location: 2F 0-1: Ball 1-1: Hit by Pitch
|
Batting: LHB Ryan MacFarland
|
0-0: Ball Mike Heath steals 2nd base 1-0: Fly out, F8 (Flyball, 8RD, EV 96.3 MPH)
|
Batting: RHB Brian Harper
|
0-0: Ball 1-0: Ball 2-0: Called Strike 2-1: Called Strike 2-2: Ball 3-2: Strikes out swinging
|
Batting: SHB Ozzie Smith
|
0-0: Swinging Strike 0-1: Ball 1-1: Swinging Strike 1-2: Ball 2-2: Ball 3-2: TRIPLE (Line Drive, 89XD, EV 101.3 MPH) Mike Heath scores
|
Batting: SHB Dwayne Taggart
|
0-0: SINGLE (Line Drive, 56D, EV 98.8 MPH) Ozzie Smith scores
|
Batting: RHB Brian Downing
|
0-0: Ball 1-0: Called Strike 1-1: Foul Ball, location: 2F 1-2: SINGLE (Groundball, 56D, EV 111.3 MPH) Dwayne Taggart to second Dwayne Taggart to third
|
Batting: LHB Mitchell Page
|
0-0: Foul Ball, location: 2F 0-1: Ball 1-1: Ball 2-1: SINGLE (Line Drive, 89M, EV 96.9 MPH) Dwayne Taggart scores Brian Downing to second Runner from 2nd tries for 3rd, SAFE, no throw by CF
|
Pitching: RHP Dave Patterson
|
|
Batting: RHB Steve Henderson
|
0-0: Foul Ball, location: 2F 0-1: Fly out, F9 (Flyball, 9D, EV 91.9 MPH)
|
Bottom of the 7th over - 3 runs, 4 hits, 0 errors, 2 left on base; Baltimore 7 - Chicago 4 |
TOP OF THE 8TH |
Baltimore Orioles batting - Pitching for Chicago White Sox : LHP Gary Christophel
|
Batting: LHB Fred Lynn
|
0-0: Called Strike 0-1: Ground out 6-3 (Groundball, 56D, EV 85.0 MPH)
|
Batting: SHB Steve R Ontiveros
|
0-0: Ball 1-0: Called Strike 1-1: Foul Ball, location: 2F 1-2: Strikes out swinging
|
Batting: RHB Matt Rice
|
0-0: Ball 1-0: Ground out 6-3 (Groundball, 6, EV 109.4 MPH)
|
Top of the 8th over - 0 runs, 0 hits, 0 errors, 0 left on base; Baltimore 7 - Chicago 4 |
BOTTOM OF THE 8TH |
Chicago White Sox batting - Pitching for Baltimore Orioles : RHP Dave Patterson
|
Batting: LHB Rudy Law
|
0-0: Ball 1-0: Foul Ball, location: 2F 1-1: Called Strike 1-2: Foul Ball, location: 2F 1-2: Foul Ball, location: 2F 1-2: Ball 2-2: Foul Ball, location: 2F 2-2: Ball 3-2: Foul Ball, location: 2F 3-2: Fly out, F4 (Flyball, 4MD, EV 89.4 MPH)
|
Batting: RHB Mike Heath
|
0-0: Swinging Strike 0-1: Swinging Strike 0-2: Strikes out looking
|
Batting: LHB Ryan MacFarland
|
0-0: Ball 1-0: Fly out, F7 (Flyball, 7LS, EV 75.6 MPH)
|
Bottom of the 8th over - 0 runs, 0 hits, 0 errors, 0 left on base; Baltimore 7 - Chicago 4 |
TOP OF THE 9TH |
Baltimore Orioles batting - Pitching for Chicago White Sox : LHP Gary Christophel
|
Batting: RHB Dennis Werth
|
0-0: Swinging Strike 0-1: Swinging Strike 0-2: Ball 1-2: Strikes out swinging
|
Pitching: RHP Win Remmerswaal
|
|
Batting: RHB Garth Iorg
|
0-0: Ground out 5-3 (Groundball, 56, EV 83.1 MPH)
|
Batting: SHB Willie McGee
|
0-0: Ball 1-0: Foul Ball, location: 2F 1-1: Called Strike 1-2: Ground out 4-3 (Groundball, 4, EV 111.3 MPH)
|
Top of the 9th over - 0 runs, 0 hits, 0 errors, 0 left on base; Baltimore 7 - Chicago 4 |
BOTTOM OF THE 9TH |
Chicago White Sox batting - Pitching for Baltimore Orioles : RHP Dave Patterson
|
Now at C: Bill Foley
|
|
Batting: RHB Brian Harper
|
0-0: Foul Ball, location: 2F 0-1: Called Strike 0-2: Ball 1-2: Foul Ball, location: 2F 1-2: Ball 2-2: Ground out 5-3 (Groundball, 56, EV 90.0 MPH)
|
Batting: SHB Ozzie Smith
|
0-0: Called Strike 0-1: Swinging Strike 0-2: TRIPLE (Flyball, 89XD, EV 98.8 MPH)
|
Batting: SHB Dwayne Taggart
|
0-0: Ball 1-0: SINGLE (Line Drive, 5L, EV 98.1 MPH) Ozzie Smith scores
|
Batting: RHB Brian Downing
|
0-0: Ground out 5-3 (Groundball, 56S, EV 71.9 MPH) Dwayne Taggart to second
|
Batting: LHB Mitchell Page
|
0-0: Fly out, F8 (Line Drive, 8RM, EV 89.4 MPH)
|
Bottom of the 9th over - 1 run, 2 hits, 0 errors, 1 left on base; Baltimore 7 - Chicago 5 |
|